 Dungeon Crawl Stone Soup version 0.27.1-2-g3b301248ec (webtiles) character file.

Game seed: 16395887698867771347

65894 GameOver the Covert (level 15, -7/120 HPs)
             Began as a Naga Hedge Wizard on Sept 24, 2021.
             Was the Champion of Kikubaaqudgha.
             Shot with an arrow by Nessos (10 damage)
             ... on level 2 of the Orcish Mines on Sept 29, 2021.
             The game lasted 03:02:53 (18449 turns).

GameOver the Covert (Naga Hedge Wizard)            Turns: 18449, Time: 03:02:54

Health: -7/120     AC: 16    Str: 14    XL:     15   Next: 18%
Magic:  6/28       EV:  9    Int: 19    God:    Kikubaaqudgha [******]
Gold:   1172       SH:  0    Dex: 11    Spells: 6/32 levels left

rFire    . . .     SeeInvis +   w - +4 whip (elec)
rCold    . . .     Faith    .   (no shield)
rNeg     . . .     Spirit   .   u - +1 troll leather armour
rPois    +         Reflect  .   c - +1 helmet
rElec    .         Harm     .   P - scarf {repulsion}
rCorr    .         Rampage  .   (no gloves)
Will     ++...                  (no barding)
Stlth    +++++.....             J - amulet of magic regeneration
HPRegen  1.30/turn              g - +4 ring of protection
MPRegen  0.46/turn              A - ring of willpower

@: lethally poisoned (-7 -> -23), repel missiles, very slow
A: AC +5, large, see invisible, deformed body, poison resistance, slowness 2,
spit poison 1, naga tail 2, claws 1, shaggy fur 1
a: Spit Poison, Renounce Religion, Receive Corpses, Torment


You were on level 2 of the Orcish Mines.
You worshipped Kikubaaqudgha.
Kikubaaqudgha was exalted by your worship.
You visited 4 branches of the dungeon, and saw 19 of its levels.
You also visited: Ossuary.

You collected 1434 gold pieces.
You spent 262 gold pieces at shops.

Inventory:

Hand Weapons
 a - a +4 quarterstaff of draining
 s - a +3 trident
 w - a +4 whip of electrocution (weapon)
 H - a +0 triple crossbow
 V - a +5 great mace of protection
Missiles
 G - 5 throwing nets
Armour
 c - a +1 helmet (worn)
 f - a +0 robe of resistance
 u - a +1 troll leather armour (worn)
 P - a scarf of repulsion (worn)
 S - +0 steam dragon scales
Magical Staves
 e - a staff of conjuration
Jewellery
 g - a +4 ring of protection (left claw)
 r - a ring of positive energy
 y - a ring of ice
 z - a ring of protection from fire
 A - a ring of willpower (right claw)
 I - a +4 ring of evasion
 J - an amulet of magic regeneration (around neck)
Wands
 k - a wand of charming (17)
 o - a wand of digging (1)
 p - a wand of iceblast (26)
 x - a wand of acid (23)
 R - a wand of paralysis (5)
Scrolls
 h - 3 scrolls of blinking
 l - a scroll of holy word {unknown}
 m - 5 scrolls of fog
 n - 2 scrolls of silence
 v - 6 scrolls of teleportation
 B - 4 scrolls of vulnerability
 C - 2 scrolls of enchant armour
 D - 8 scrolls of amnesia
 L - a scroll of noise {unknown}
 U - a scroll of magic mapping {unknown}
Potions
 d - 10 potions of curing
 i - a potion of resistance {unknown}
 j - a potion of haste
 q - 2 potions of heal wounds
 t - 2 potions of lignification
 F - a potion of brilliance
 K - a potion of ambrosia {unknown}
 M - a potion of mutation
 N - 3 potions of attraction
 O - 2 potions of magic
Miscellaneous
 b - a piece from Xom's chessboard (15/15)
 Q - a lightning rod (4/4)
 T - a phantom mirror


   Skills:
 - Level 4.0 Fighting
 - Level 10.6 Maces & Flails
 - Level 5.0 Armour
 - Level 1.5 Dodging
 - Level 12.0 Stealth
 - Level 9.0 Spellcasting
 - Level 9.0 Conjurations
 - Level 1.0 Summonings
 + Level 12.0 Necromancy
 - Level 6.0 Translocations
 * Level 7.0 Ice Magic
 * Level 7.4 Air Magic
 - Level 9.0 Poison Magic


You had 6 spell levels left.
You knew the following spells:

 Your Spells              Type           Power      Damage    Failure   Level
a - Magic Dart            Conj           100%       1d8       1%          1
b - Blink                 Tloc           N/A        N/A       1%          2
c - Dispel Undead         Necr           52%        3d19      1%          4
d - Mephitic Cloud        Conj/Pois/Air  40%        N/A       1%          3
f - Freezing Cloud        Conj/Ice/Air   19%        6-21      11%         5
q - Animate Dead          Necr           26%        N/A       1%          4
z - Apportation           Tloc           62%        N/A       1%          1
C - Vampiric Draining     Necr           26%        2d9       1%          3
E - Teleport Other        Tloc           31%        N/A       2%          3

Your spell library contained the following spells:

 Spells                   Type           Power      Damage    Failure   Level
 Animate Skeleton         Necr           100%       N/A       1%          1
 Freeze                   Ice            100%       1d11      1%          1
 Pain                     Necr           100%       1d9       1%          1
 Corpse Rot               Necr/Air       N/A        N/A       1%          2
 Sublimation of Blood     Necr           26%        N/A       1%          2
 Frozen Ramparts          Ice            70%        1d9       1%          3
 Agony                    Necr           52%        N/A       1%          5
 Excruciating Wounds      Necr           26%        N/A       1%          5
 Gell's Gravitas          Tloc           15%        N/A       2%          3
 Ensorcelled Hibernation  Hex/Ice        44%        N/A       3%          2
 Hailstorm                Conj/Ice       39%        3d9       3%          4
 Conjure Flame            Conj/Fire      25%        6-21      4%          3
 Summon Small Mammal      Summ           48%        N/A       7%          1
 Corona                   Hex            8%         N/A       10%         1
 Call Imp                 Summ           12%        N/A       10%         2
 Slow                     Hex            8%         N/A       16%         2
 Call Canine Familiar     Summ           12%        N/A       21%         3
 Summon Guardian Golem    Hex/Summ       10%        N/A       24%         3
 Borgnjor's Vile Clutch   Necr/Erth      15%        N/A       24%         5
 Tukima's Dance           Hex            8%         N/A       30%         3
 Simulacrum               Ice/Necr       22%        N/A       30%         6
 Alistair's Intoxication  Tmut/Pois      16%        N/A       41%         5
 Summon Forest            Summ/Tloc      10%        N/A       54%         5
 Dispersal                Tloc           15%        N/A       78%         6
 Eringya's Noxious Bog    Tmut/Pois      12%        N/A       94%         6
 Invisibility             Hex            4%         N/A       100%        6
 Haunt                    Necr/Summ      16%        N/A       99%         7
 Borgnjor's Revivificati  Necr           26%        N/A       99%         8
 Infestation              Necr           26%        N/A       99%         8
 Summon Hydra             Summ           6%         N/A       100%        7
 Necromutation            Tmut/Necr      15%        N/A       100%        8
 Death's Door             Necr           26%        N/A       100%        9
 Fire Storm               Conj/Fire      12%        8d3       100%        9
 Polar Vortex             Ice            17%        N/A       100%        9


Dungeon Overview and Level Annotations

Branches:
Dungeon (11/15)            Temple (1/1) D:7            Lair (5/6) D:9
  Swamp (0/4) Lair:4        Snake (0/4) Lair:2        Slime (0/5) Lair:5
    Orc (2/2) D:10            Elf (0/3) Orc:2       Ossuary (visited)

Altars:
Cheibriados
Dithmenos
Elyvilon
Gozag
Hepliaklqana
Kikubaaqudgha
Makhleb
Nemelex Xobeh
Okawaru
Qazlal
Ru
Sif Muna
Trog
Uskayaw
Vehumet
Wu Jian
Xom
Yredelemnul
Zin
The Shining One
Beogh
Jiyva

Shops:
D:4 *=   D:7 (   Orc:2 [(

Annotations:
Lair:2 exclusion: ice statue
Lair:4 3 runed translucent doors, exclusion: 3 oklob plants, Lutiheq's ghost, journeyman DrTm; Muajirr's ghost, journeyman GrFi; Nubia's ghost, journeyman GnEn; Nyzic's ghost, journeyman TrMo
Lair:5 3 runed translucent doors, Skiberibeda's ghost, journeyman OgEE
Orc:2 Nessos


Innate Abilities, Weirdness & Mutations

Your serpentine skin is tough. (AC +5)
You have supernaturally acute eyesight. (SInv)
Armour fits poorly on your strangely shaped body.
Your system is resistant to poisons. (rPois)
You cover ground very slowly.
You can spit poison.
You can use your snake-like lower body to constrict enemies.
You have sharp fingernails.
You are covered in fur. (AC +1)


Message History

You feel very sick.
Nessos shoots an arrow.
The arrow hits you!
* * * LOW HITPOINT WARNING * * *
The arrow burns you.
* * * LOW HITPOINT WARNING * * *
Nessos shoots an arrow.
The arrow hits you.
* * * LOW HITPOINT WARNING * * *
The arrow burns you.
You are more poisoned.
* * * LOW HITPOINT WARNING * * *
Kikubaaqudgha accepts your kill.
You feel a bit more experienced.
Your Necromancy skill increases to level 12!
Your Ice Magic skill increases to level 7!
Unknown command.
* * * LOW HITPOINT WARNING * * *
You feel very sick.
Unknown command.
You feel better.
You feel much better.
Nessos unwields a +1 longbow of flaming.
It stops flaming.
Nessos hits you.
* * * LOW HITPOINT WARNING * * *
Nessos closely misses you. Kikubaaqudgha accepts your kill.
You feel a bit more experienced.
Unknown command.
Casting: Blink (safe; 1% risk of failure)
Confirm with . or Enter, or press ? or * to list all spells.
You blink.
Nessos wields a +1 longbow of flaming.
It bursts into flame!
Nessos shoots an arrow.
The arrow hits you!
* * * LOW HITPOINT WARNING * * *
The arrow burns you.
* * * LOW HITPOINT WARNING * * *
Nessos shoots an arrow.
The arrow hits you!!
* * * LOW HITPOINT WARNING * * *
The arrow burns you!
You are lethally poisoned!
You die...
Kikubaaqudgha rasps: "You have failed me!
Welcome... death!"

##<....§§§.§............
#....#.#§§§§§§..........
##...###§§§§.......#....
#....#.§§§§#.#.[...##...
#.......c§§.....#...# .
#....#.##§.......#.#...
#.....#...........###.#
##...............## .#
##....[....@.....# .
##..#.#.........#
#...............##
#.....#......#[.##
##..#.#......|...##
#.#...#.###[#....# #
...#.##.# ##.#..##.##
##.####...##.........#
##....#..#..##.##


You could see Nessos (fast).

Vanquished Creatures
  Rupert (Lair:5)
  Gastronok (Lair:3)
  2 orc warlords
  Snorg (Lair:3)
  Fannar (Lair:1)
  3 boulder beetles
  7 hydras
  Erolcha (D:9)
  A catoblepas (D:11)
  Harold (D:7)
  5 death yaks (Lair:5)
  6 two-headed ogres
  A centaur warrior (D:9)
  4 orc high priests
  Sonja (Lair:1)
  A death drake (shapeshifter) (D:8)
  Pikel (D:6)
  A lindwurm (Lair:5)
  An orc knight (Orc:1)
  3 orc sorcerers
  An ugly thing (D:11)
  3 cyclopes
  3 manticores
  8 elephants
  2 black mambas
  A torpor snail (Lair:3)
  Psyche (D:8)
  Maggie (D:6)
  10 cane toads
  3 unseen horrors
  A freezing wraith (Lair:2)
  7 komodo dragons
  The ghost of Gaxx the Insei, a novice OpTm (D:5)
  2 rime drakes
  7 trolls
  A tengu conjurer (D:9)
  2 hornets (D:9)
  3 polar bears
  Prince Ribbit (D:7)
  14 blink frogs
  A shadow (D:9)
  2 wyverns
  2 vampires
  2 wraiths
  10 yaks
  Grum (D:10)
  4 steam dragons
  A swamp worm (Lair:4)
  6 wargs
  3 nagas (Lair:2)
  An acid dragon (D:11)
  7 ice beasts
  8 water moccasins
  19 orc warriors
  A hornet zombie (D:7)
  2 sky beasts
  A black bear (D:7)
  2 necrophages
  43 wolves
  5 ogres
  6 centaurs
  A phantom (D:6)
  3 elf zombies (Ossuary)
  6 kobold brigands
  13 bullfrogs
  A wyvern zombie (D:9)
  2 scorpions
  3 water moccasin skeletons
  2 killer bees (D:8)
  11 wights
  2 jellies
  7 howler monkeys
  A crimson imp (D:4)
  4 centaur zombies
  A bullfrog zombie (D:4)
  7 hounds
  2 human zombies (Ossuary)
  A centaur skeleton (D:7)
  19 orc priests
  A scorpion zombie (D:5)
  A bullfrog skeleton (D:7)
  Ijyb (D:3)
  An iguana (D:7)
  16 orc wizards
  4 mummies (Ossuary)
  8 adders
  A shadow imp (D:7)
  A white imp (Lair:2)
  An ufetubus (D:7)
  An adder skeleton (D:5)
  2 adder zombies (Ossuary)
  3 worms
  3 dart slugs
  62 orcs
  4 endoplasms
  4 giant cockroaches
  3 goblins
  6 hobgoblins
  19 kobolds
  2 quokkas
  4 ball pythons
  6 bats
  3 frilled lizards
  A goblin zombie (Ossuary)
  A jackal zombie (Ossuary)
  A kobold zombie (Ossuary)
  5 rats
  2 rat zombies (Ossuary)
  A butterfly (D:8)
496 creatures vanquished.

Vanquished Creatures (collateral kills)
  2 boulder beetles
  A cane toad (Lair:1)
  2 rime drakes
  2 trolls
  2 polar bears
  A tyrant leech (Lair:4)
  A blink frog (Lair:1)
  A wyvern (Lair:5)
  2 yaks (Lair:4)
  A naga (Lair:2)
  3 water moccasins
  An ogre (Orc:1)
  10 wolves
  3 bullfrogs
  2 orc priests (Orc:1)
  An orc wizard (Orc:1)
  2 orcs (Orc:1)
37 creatures vanquished.

Vanquished Creatures (others)
  An orc (D:6)
  42 fungi
  41 plants
84 creatures vanquished.

Grand Total: 617 creatures vanquished

Notes
Turn   | Place    | Note
-------+----------+-------------------------------------------
     0 | D:1      | GameOver the Naga Hedge Wizard began the quest for the Orb.
     0 | D:1      | Reached XP level 1. HP: 15/15 MP: 4/4
   245 | D:1      | Reached XP level 2. HP: 15/22 MP: 3/6
   366 | D:1      | Learned a level 2 spell: Blink
   368 | D:1      | Learned a level 1 spell: Apportation
   380 | D:1      | Found a faded altar of an unknown god.
   648 | D:2      | Reached XP level 3. HP: 27/28 MP: 0/7
   652 | D:2      | Learned a level 3 spell: Mephitic Cloud
   801 | D:2      | Found a sacrificial altar of Ru.
  1292 | D:3      | Noticed Ijyb
  1333 | D:3      | Reached XP level 4. HP: 34/36 MP: 1/8
  1424 | D:3      | Killed Ijyb
  1454 | D:3      | Reached XP level 5. HP: 42/42 MP: 2/9
  1711 | D:3      | Found a hazy altar of Hepliaklqana.
  1809 | D:4      | Noticed an ogre
  1847 | D:4      | Found Quduiske's Jewellery Emporium.
  1880 | D:4      | Reached skill level 5 in Conjurations
  1901 | D:4      | Noticed a necrophage
  2159 | D:4      | Reached XP level 6. HP: 46/49 MP: 8/10
  2193 | D:4      | Killed a necrophage
  2194 | D:4      | Reached skill level 1 in Poison Magic
  2286 | D:4      | Reached XP level 7. HP: 53/55 MP: 4/11
  2358 | D:4      | Found a radiant altar of Vehumet.
  2359 | D:4      | Found a burning altar of Makhleb.
  2424 | D:4      | Found Acojeudgh's General Store.
  2427 | D:4      | Bought a scroll of fear for 38 gold pieces
  2427 | D:4      | Bought a scroll of teleportation for 33 gold pieces
  2427 | D:4      | Bought a potion of degeneration for 11 gold pieces
  2616 | D:5      | Entered Level 5 of the Dungeon
  2626 | D:5      | Found a runed translucent door.
  2627 | D:5      | Noticed Gaxx's ghost (novice OpTm)
  2864 | D:5      | Reached skill level 5 in Stealth
  3058 | D:5      | Reached skill level 5 in Poison Magic
  3170 | D:5      | Reached XP level 8. HP: 59/62 MP: 3/12
  3834 | D:6      | Noticed Maggie
  3862 | D:6      | Killed Maggie
  3901 | D:6      | Found a sand-covered staircase.
  3906 | Ossuary  | Entered an ossuary
  4129 | Ossuary  | Reached XP level 9. HP: 49/68 MP: 3/15
  4486 | D:6      | Noticed Pikel
  4498 | D:6      | Killed Pikel
  4499 | D:6      | Reached skill level 5 in Spellcasting
  4726 | D:6      | Reached skill level 1 in Maces & Flails
  5417 | D:7      | Found a staircase to the Ecumenical Temple.
  5439 | Temple   | Entered the Ecumenical Temple
  5452 | Temple   | Became a worshipper of Kikubaaqudgha
  5536 | D:7      | Noticed Harold
  5575 | D:7      | Reached skill level 1 in Fighting
  5586 | D:7      | Found Ottikeugh's Antique Weapon Emporium.
  5597 | D:7      | Noticed Prince Ribbit
  5623 | D:7      | Gained mutation: You have sharp fingernails. [potion of
                  | mutation]
  5623 | D:7      | Gained mutation: You are covered in fur. (AC +1) [potion of
                  | mutation]
  5806 | D:8      | Reached XP level 10. HP: 63/81 MP: 15/19
  5820 | D:8      | Found a shimmering altar of Xom.
  5956 | D:8      | Reached * piety under Kikubaaqudgha
  5956 | D:8      | Received a gift from Kikubaaqudgha
  6300 | D:8      | Noticed Psyche
  6310 | D:8      | Killed Psyche
  6311 | D:8      | Reached skill level 5 in Maces & Flails
  6311 | D:8      | Reached skill level 1 in Necromancy
  6453 | D:7      | Found a large runed translucent door.
  6454 | D:7      | Found a large runed translucent door.
  6739 | D:7      | Killed Prince Ribbit
  7005 | D:7      | Killed Harold
  7013 | D:7      | Learned a level 3 spell: Vampiric Draining
  7054 | D:8      | Noticed a fire crab
  7054 | D:8      | a wind drake changed into a fire crab
  7066 | D:8      | Noticed a lindwurm
  7066 | D:8      | a fire crab changed into a lindwurm
  7298 | D:8      | Found a shimmering altar of Xom.
  7420 | D:9      | Noticed a centaur warrior
  7447 | D:9      | Found Zin's Purification Station.
  7448 | D:9      | Found a glowing silver altar of Zin.
  7459 | D:9      | Noticed Erolcha
  7466 | D:9      | Killed Erolcha
  7477 | D:9      | Bought 2 potions of curing for 180 gold pieces
  7487 | D:9      | Noticed a two-headed ogre
  7528 | D:9      | Killed a two-headed ogre
  7529 | D:9      | Reached skill level 5 in Necromancy
  7529 | D:9      | Reached XP level 11. HP: 81/92 MP: 11/22
  7589 | D:9      | Learned a level 3 spell: Teleport Other
  7876 | D:9      | Found a sparkling altar of Nemelex Xobeh.
  7996 | D:9      | Identified the +3 tower shield of Govarism {*Slow Slay+6}
  8037 | D:9      | Noticed a boulder beetle
  8105 | D:9      | Noticed a cyclops
  8128 | D:9      | Killed a cyclops
  8264 | D:9      | Noticed a two-headed ogre
  8279 | D:9      | Noticed a boulder beetle
  8283 | D:9      | Killed a two-headed ogre
  8286 | D:9      | Noticed a manticore
  8387 | D:9      | Reached ** piety under Kikubaaqudgha
  8434 | D:9      | Killed a centaur warrior
  8625 | D:9      | Killed a manticore
  8645 | D:9      | Noticed a five-headed hydra
  8652 | D:9      | Noticed a manticore
  8658 | D:9      | Found a stormy altar of Qazlal.
  8660 | D:9      | Found a bloodstained altar of Trog.
  8660 | D:9      | Found an ornate altar of the Wu Jian Council.
  8660 | D:9      | Found an opulent altar of Gozag.
  8673 | D:10     | Entered Level 10 of the Dungeon
  8673 | D:10     | Noticed a two-headed ogre
  8849 | D:10     | Noticed a two-headed ogre
  8912 | D:10     | Killed a two-headed ogre
  8992 | D:10     | Noticed a two-headed ogre
  9005 | D:10     | Killed a two-headed ogre
  9089 | D:10     | Reached skill level 5 in Translocations
  9099 | D:10     | Noticed a two-headed ogre
  9102 | D:10     | Reached XP level 12. HP: 83/99 MP: 20/25
  9142 | D:10     | Noticed Grum
  9147 | D:10     | Killed Grum
  9183 | D:10     | Killed a two-headed ogre
  9247 | D:10     | Found a staircase to the Orcish Mines.
  9354 | D:10     | Killed a two-headed ogre
  9947 | D:11     | Noticed a catoblepas
 10053 | D:11     | Killed a catoblepas
 10053 | D:11     | Reached *** piety under Kikubaaqudgha
 10053 | D:11     | Received a gift from Kikubaaqudgha
 10054 | D:11     | Reached skill level 1 in Armour
 10059 | D:11     | Learned a level 4 spell: Dispel Undead
 10064 | D:11     | Learned a level 4 spell: Animate Dead
 10485 | D:11     | Noticed a boulder beetle
 10600 | D:9      | Killed a boulder beetle
 10659 | D:9      | Killed a boulder beetle
 10842 | D:9      | Found a staircase to the Lair.
 10897 | D:9      | Got the Guide on the Volcanoes and Necromancy
 11172 | D:8      | Reached skill level 10 in Maces & Flails
 11233 | D:5      | Killed Gaxx's ghost
 11290 | D:7      | Found a sacrificial altar of Ru.
 11299 | D:7      | Found a basalt altar of Yredelemnul.
 11349 | Lair:1   | Entered Level 1 of the Lair of Beasts
 11490 | Lair:1   | Gained mutation: You can use your snake-like lower body to
                  | constrict enemies. [Naga growth]
 11490 | Lair:1   | Reached XP level 13. HP: 89/105 MP: 19/26
 11554 | Lair:1   | Noticed Sonja
 11566 | Lair:1   | Killed Sonja
 11600 | Lair:1   | Noticed Fannar
 11715 | Lair:1   | Reached skill level 10 in Necromancy
 11726 | Lair:1   | Reached **** piety under Kikubaaqudgha
 11982 | Lair:2   | Found a staircase to the Snake Pit.
 12081 | Lair:2   | Reached skill level 5 in Armour
 12417 | Lair:2   | Reached skill level 10 in Stealth
 12771 | Lair:3   | Noticed Gastronok
 12815 | Lair:3   | Killed Gastronok
 12865 | Lair:3   | Noticed Snorg
 12873 | Lair:3   | Killed Snorg
 12945 | Lair:3   | Reached ***** piety under Kikubaaqudgha
 13714 | Lair:4   | Reached skill level 1 in Air Magic
 13801 | Lair:4   | Reached XP level 14. HP: 114/114 MP: 27/27
 13807 | Lair:4   | Learned a level 5 spell: Freezing Cloud
 13854 | Lair:4   | Reached skill level 1 in Ice Magic
 13918 | Lair:4   | Found a staircase to the Swamp.
 14161 | Lair:4   | Found a runed translucent gate.
 14161 | Lair:4   | Found a runed translucent gate.
 14161 | Lair:4   | Found a runed translucent gate.
 14161 | Lair:4   | Noticed Nyzic's ghost (journeyman TrMo)
 14162 | Lair:4   | Noticed Nyzic's ghost (journeyman TrMo)
 14162 | Lair:4   | Noticed Nubia's ghost (journeyman GnEn)
 14162 | Lair:4   | Noticed Muajirr's ghost (journeyman GrFi)
 14162 | Lair:4   | Noticed Lutiheq's ghost (journeyman DrTm)
 14243 | Lair:4   | Identified the +7 plate armour of Exclusion {Fly rC+ rN++
                  | Str+3}
 14937 | Lair:1   | Killed Fannar
 15606 | Lair:5   | Noticed Rupert
 15617 | Lair:5   | Found a viscous altar of Jiyva.
 15661 | Lair:5   | Found a runed translucent gate.
 15661 | Lair:5   | Found a runed translucent gate.
 15661 | Lair:5   | Found a runed translucent gate.
 15666 | Lair:5   | Found the +3 pair of seven-league boots {Rampage+∞}
 15667 | Lair:5   | Noticed Skiberibeda's ghost (journeyman OgEE)
 15918 | Lair:5   | Killed Rupert
 15919 | Lair:5   | Reached skill level 5 in Air Magic
 15971 | Lair:5   | Found a staircase to the Slime Pits.
 16056 | Lair:5   | Reached skill level 5 in Ice Magic
 16955 | Orc:1    | Entered Level 1 of the Orcish Mines
 17031 | Orc:1    | Noticed an orc warlord
 17052 | Orc:1    | Killed an orc warlord
 17249 | Orc:1    | Reached ****** piety under Kikubaaqudgha
 17257 | Orc:1    | Reached XP level 15. HP: 99/120 MP: 6/28
 17976 | Temple   | Received a gift from Kikubaaqudgha
 18076 | Orc:2    | Entered Level 2 of the Orcish Mines
 18130 | Orc:2    | Found Ykotwa's Antique Weapon Boutique.
 18263 | Orc:2    | Found a staircase to the Elven Halls.
 18426 | Orc:2    | Found Muttux's Antique Armour Emporium.
 18427 | Orc:2    | Noticed an orc warlord
 18442 | Orc:2    | Noticed Nessos
 18444 | Orc:2    | Killed an orc warlord
 18445 | Orc:2    | HP: 4/120 [poisoned by Nessos]
 18449 | Orc:2    | Shot with an arrow by Nessos

Illustrated notes

Levels and vault maps discovered:
D:1:      scummos_arrival_star, layout_rooms, hellmonk_ecumenical_altar_zigzags,
          dk_noncrumbling_4
D:2:      layout_basic, basic_altar
D:3:      layout_loops_ring, mainiacjoe_overflow_chevrons, uniq_ijyb
D:4:      layout_cave_pools, grunt_temple_overflow_lords_of_destruction,
          serial_shops, kennysheep_mini, st_stairs_13,
          minmay_shop_enchanted_jewellery
D:5:      layout_basic, ebering_ghost_inner_flame, saegor_snake_ambush
D:6:      layout_layer_cave, enter_ossuary_5, minmay_misc_feat_plants,
          minmay_liquid_box, minivault_27, uniq_pikel, uniq_maggie
D:7:      layout_rooms, jmf_multi_god_temple2, minmay_temple_entry_purple_smoke,
          serial_shops, shop, uniq_harold, uniq_prince_ribbit1
D:8:      layout_basic, xom_butterflies, minmay_ruined_shrine, uniq_psyche
D:9:      minmay_the_grid_octo_tiled_squarecenter [minmay_the_grid_octo_teeth,
          minmay_the_grid_octo_fat_diamond, minmay_the_grid_octo_concentric,
          minmay_the_grid_octo_thin_diamonds,
          minmay_the_grid_square_5x5_megaprize_crossed,
          minmay_the_grid_square_5x5_checkered,
          minmay_the_grid_square_5x5_spiral, minmay_the_grid_square_5x5_n,
          minmay_the_grid_square_5x5_meh], layout_basic, zin_purify,
          nicolae_overflow_hidden_temple, uniq_erolcha
D:10:     layout_roguey, minmay_orc_entry_temple_small,
          minmay_fractal_squares_5, uniq_grum
D:11:     layout_basic
Temple:   zaba_magenta_temple
Lair:1:   layout_cave_shapes, lemuel_fruit_tree, uniq_fannar, uniq_sonja
Lair:2:   layout_chaotic_city, guppyfry_snake_entry_garden, ice2_lemuel,
          lemuel_fruit_fields, grunt_megastairs_5
Lair:3:   layout_cellular_growth, uniq_snorg, uniq_gastronok
Lair:4:   layout_roguey, minmay_swamp_entry_worms, gammafunk_ghost_cemetery,
          minmay_lair_oklob_chamber
Lair:5:   layout_hall_layers, dpeg_slime_entry_enclosed_altar,
          gammafunk_ghost_necromancy, chequers_serial_rivers_large_b,
          fungi_pond_lemuel, grunt_forest_large_clearings, uniq_rupert
Orc:1:    layout_caves, nicolae_orc_sculptors_studio, minmay_orc_temple_c
Orc:2:    grunt_orc_gardens, layout_caves, grunt_orc_garden, grunt_orc_garden,
          grunt_orc_garden, grunt_orc_garden, uniq_nessos

Skill      XL: |  1  2  3  4  5  6  7  8  9 10 11 12 13 14 15 |
---------------+----------------------------------------------+-----
Conjurations   | 2 3 4 5 6 7 9 |  9.0
Poison Magic   | 2 5 8 9 |  9.0
Stealth        | 4 6 8 9 12 | 12.0
Translocations | 2 3 5 6 |  6.0
Spellcasting   | 4 6 7 9 |  9.0
Maces & Flails | 4 6 8 10 | 10.6
Fighting       | 2 4 |  4.0
Necromancy     | 5 7 9 11 12 | 12.0
Armour         | 3 5 |  5.0
Air Magic      | 1 6 7 |  7.4
Ice Magic      | 6 7 |  7.0
Dodging        | |  1.5
Summonings     | |  1.0

Action                   |  1- 3 |  4- 6 |  7- 9 | 10-12 | 13-15 || total
-------------------------+-------+-------+-------+-------+-------++-------
Melee: Whip              |     2 |     6 |    45 |   371 |   602 ||  1026
       Long sword        |       |    12 |   104 |       |       ||   116
       Dagger            |       |     5 |       |     1 |       ||     6
       Constrict         |       |       |       |       |   132 ||   132
 Cast: Magic Dart        |    52 |    58 |   229 |   191 |   109 ||   639
       Mephitic Cloud    |       |     2 |    11 |    99 |    77 ||   189
       Blink             |       |       |     5 |    21 |    18 ||    44
       Vampiric Draining |       |       |       |    39 |    67 ||   106
       Teleport Other    |       |       |       |     2 |       ||     2
       Animate Dead      |       |       |       |     9 |    57 ||    66
       Dispel Undead     |       |       |       |     9 |     2 ||    11
       Apportation       |       |       |       |       |     9 ||     9
       Freezing Cloud    |       |       |       |       |    20 ||    20
Invok: Receive Corpses   |       |       |       |       |     3 ||     3
       Receive Forbidden |       |       |       |       |     1 ||     1
 Abil: Spit Poison       |    41 |    21 |    41 |   152 |   125 ||   380
Evoke: Wand              |       |       |     7 |     4 |     2 ||    13
       Lightning rod     |       |       |       |     1 |     1 ||     2
  Use: Scroll            |       |     3 |     4 |     5 |    10 ||    22
       Potion            |       |     1 |     4 |     3 |     4 ||    12
 Stab: Sleeping          |       |       |     2 |       |     3 ||     5
       Confused          |       |       |     3 |    22 |    54 ||    79
       Invisible         |       |       |     2 |       |       ||     2
       Distracted        |       |       |       |     1 |     2 ||     3
Armor: Robe              |     5 |    27 |    59 |   126 |     1 ||   218
       Steam dragon scal |       |       |    30 |    10 |       ||    40
       Troll leather arm |       |       |       |     9 |   191 ||   200
Dodge: Dodged            |    18 |    18 |    85 |   180 |   239 ||   540
       Repelled          |       |       |       |       |     5 ||     5
       Rpst.: Long sword |       |     2 |    25 |       |       ||    27
